 Dungeon Crawl Stone Soup version 0.30-a0-457-g4b7bca3bfa (webtiles) character file.

Game seed: 16883996224133979076

2 NinjaNoafa the Caller (level 1, 0/7 HPs)
             Began as a Felid Summoner on Dec 14, 2022.
             Killed from afar by a dart slug (6 damage)
             ... with a slug dart
             ... on level 1 of the Dungeon.
             The game lasted 00:00:38 (124 turns).

NinjaNoafa the Caller (Felid Summoner)               Turns: 124, Time: 00:00:39

Health: 0/7        AC:  1    Str:  4    XL:     1   Next: 33%
Magic:  0/4        EV: 17    Int: 16    God:
Gold:   0          SH:  0    Dex: 16    Spells: 3/4 levels left
                                        Lives:  0   Deaths: 0

rFire   . . .      SeeInvis +    (weapon unavailable)
rCold   . . .      Faith    .    (shield unavailable)
rNeg    . . .      Spirit   .    (body armour unavailable)
rPois   .          Reflect  .    (helmet unavailable)
rElec   .          Harm     .    (cloak unavailable)
rCorr   .          Rampage  .    (gloves unavailable)
Will    .....                    (boots unavailable)
Stlth   ++........               (no amulet)
HPRegen 0.21/turn                (no ring)
MPRegen 0.09/turn                (no ring)

@: quick
A: very small, claws 1, fangs 3, see invisible, speed 1, shaggy fur 1, stealthy
paws, no weapons or thrown items, no armour, multi-lived
a: no special abilities


You were on level 1 of the Dungeon.
You visited 1 branch of the dungeon, and saw 1 of its levels.

Inventory:

Potions
 a - a potion of magic


   Skills:
 - Level 2.6 Dodging
 - Level 2.6 Stealth
 + Level 2.1 Spellcasting
 + Level 4.0 Summonings


You had 3 spell levels left.
You knew the following spells:

 Your Spells              Type           Power      Damage    Failure   Level
a - Summon Small Mammal   Summ           56%        N/A       3%          1

Your spell library contained the following spells:

 Spells                   Type           Power      Damage    Failure   Level
 Call Imp                 Summ           14%        N/A       6%          2
 Call Canine Familiar     Summ           14%        N/A       12%         3
 Summon Guardian Golem    Hex/Summ       8%         N/A       26%         3
 Summon Lightning Spire   Summ/Air       8%         N/A       65%         4


Dungeon Overview and Level Annotations

Branches:
Dungeon (1/15)

Altars:


Innate Abilities, Weirdness & Mutations

You have sharp claws.
You have razor-sharp teeth.
You have supernaturally acute eyesight. (SInv)
You cover ground quickly. (Speed+)
You are covered in fur. (AC +1)
Your paws help you pounce on unaware monsters.
You are incapable of wielding weapons or throwing items.
You cannot wear armour.
You gain extra lives every three experience levels.


Message History

Your rat's corpse disappears in a puff of smoke!
Your bat hits the dart slug but does no damage.
The dart slug completely misses your bat.
Your bat hits the dart slug but does no damage.
Casting: Summon Small Mammal (safe; 3% risk of failure)
Confirm with . or Enter, or press ? or * to list all spells.
Your bat hits the dart slug. The ball python bites your rat.
The ball python barely misses your rat.
Your bat hits the dart slug. Your bat hits the dart slug.
The ball python bites your rat.
Your rat dies!
Your rat's corpse disappears in a puff of smoke!
Your bat hits the dart slug.
The dart slug bites your bat but does no damage.
Your bat hits the dart slug but does no damage. x2
Casting: Summon Small Mammal (safe; 3% risk of failure)
Confirm with . or Enter, or press ? or * to list all spells.
Your bat hits the dart slug but does no damage.
The dart slug launches a dart at your bat.
The slug dart hits your bat.
Your bat dies!
Your bat's corpse disappears in a puff of smoke!
The ball python bites you. The ball python closely misses you.
The ball python bites your rat but does no damage.
The ball python closely misses your rat.
Casting: Summon Small Mammal (safe; 3% risk of failure)
Confirm with . or Enter, or press ? or * to list all spells.
Your rat bites the ball python.
The ball python bites your rat.
The ball python closely misses your rat.
The ball python bites your rat.
Your rat dies!
Your rat's corpse disappears in a puff of smoke!
The dart slug launches a dart at your rat.
The slug dart hits your rat.
Your rat dies!
Your rat's corpse disappears in a puff of smoke!
The ball python closely misses you. The ball python completely misses you.
The dart slug launches a dart at you. The slug dart hits you.
Ouch! That really hurt!
You die...

..###....######...... ####
....#...#..........# . #...
....#.<.#......##..#
..#...###.........###..##.#
....#..#..#...#..#..#.##.#
#..)..#..#...#..#....##.#
#.....#..##.##..#....##.#
#..#.#....#.#....#.#.#..#
#......†...#@........#.##
#.####..#....S.........#
#..##.....#.########
...###.....#.# ...##
#.....#.# ##. #.###w#.# .
#.....#.# # #.....#.#
#....$#.#


You could see a dart slug and a ball python.

Vanquished Creatures (collateral kills)
  A kobold (D:1)
  A quokka (D:1)
2 creatures vanquished.

Notes
Turn   | Place    | Note
-------+----------+-------------------------------------------
     0 | D:1      | NinjaNoafa the Felid Summoner began the quest for the Orb.
     0 | D:1      | Reached XP level 1. HP: 7/7 MP: 4/4
   124 | D:1      | Killed from afar by a dart slug

Illustrated notes

Levels and vault maps discovered:
D:1:      erik_arrival_blinker_ship, layout_basic,
          dreamdust_ecumenical_altar_statues, due_unseen_surprise

Action                   || total
-------------------------++-------
 Cast: Summon Small Mamm ||    11
Dodge: Dodged            ||     7

Table legend: (Time is in decaauts)
 A = Elapsed time spent in this place.
 B = Non-inter-level travel time spent in this place.
 C = Inter-level travel time spent in this place.
 D = Time resting spent in this place.
 E = Time spent auto-exploring this place.
 F = Levels seen in this place.
 G = Mean time per level.
                   A        B        C        D        E       F      G
               +--------+--------+--------+--------+--------+-----+--------+
         Total |    113 |    113 |      0 |      0 |     48 |   1 |  113.0 |
       Dungeon |    113 |    113 |      0 |      0 |     48 |   1 |  113.0 |
               +--------+--------+--------+--------+--------+-----+--------+

Top non-repeatable levels by time:
     D:1: 113 daAuts
